 Dungeon Crawl Stone Soup version 0.20.0-4-g10b340a (webtiles) character file.

280 Gorglomux the Chopper (level 6, -2/56 HPs)
             Began as a Minotaur Skald on May 27, 2017.
             Slain by an iguana (9 damage)
             ... on level 3 of the Dungeon.
             The game lasted 00:03:16 (2741 turns).

Gorglomux the Chopper (Minotaur Skald)              Turns: 2741, Time: 00:03:16

Health: -2/56      AC:  7    Str: 16    XL:     6   Next: 5%
Magic:  7/7        EV: 10    Int: 10    God:
Gold:   123        SH:  0    Dex: 11    Spells: 6/7 levels left

rFire    . . .     SeeInvis .   a - +1 hand axe
rCold    . . .     Gourm    .   (no shield)
rNeg     . . .     Faith    .   p - +1 scale mail
rPois    .         Spirit   .   (helmet restricted)
rElec    .         Reflect  .   (no cloak)
rCorr    .         Harm     .   (no gloves)
MR       .....                  (no boots)
Stlth    ..........             (no amulet)
Regen    0.2/turn               l - ring of wizardry
MPRegen  0.1/turn               (no ring)

@: no status effects
A: retaliatory headbutt, horns 2
a: no special abilities


You were on level 3 of the Dungeon.
You were not hungry.

You visited 1 branch of the dungeon, and saw 3 of its levels.

You collected 123 gold pieces.

Inventory:

Hand Weapons
 a - a +1 hand axe (weapon)
Missiles
 s - 2 tomahawks (quivered)
Armour
 b - a +0 leather armour
 p - a +1 scale mail (worn)
Jewellery
 l - a ring of wizardry (left hand)
Wands
 P - a wand of paralysis (14/24)
Scrolls
 g - a scroll of recharging
 h - 2 scrolls of magic mapping {unknown}
 k - a scroll of fog
 T - a scroll of teleportation
Potions
 m - 2 potions of lignification {unknown}
 o - a potion of mutation {unknown}
 Q - 4 potions of curing
 U - a potion of brilliance {unknown}
Books
 c - a book of Battle

   Spells                             Type                      Level
   a - Infusion                       Charms                       1
   b - Shroud of Golubria             Charms/Translocation         2
   c - Song of Slaying                Charms                       2
   d - Spectral Weapon                Hexes/Charms                 3
   e - Regeneration                   Charms/Necromancy            3
 t - a book of Minor Magic

   Spells                             Type                      Level
   a - Magic Dart                     Conjuration                  1
   b - Blink                          Translocation                2
   c - Call Imp                       Summoning                    2
   d - Slow                           Hexes                        2
   e - Conjure Flame                  Conjuration/Fire             3
   f - Mephitic Cloud                 Conjuration/Poison/Air       3
Comestibles
 d - 2 bread rations
 i - 2 royal jellies
 V - 2 fruits


   Skills:
 + Level 5.3 Fighting
 + Level 5.9 Axes
 - Level 1.2 Armour
 - Level 2.1 Dodging
 - Level 1.3 Spellcasting
 - Level 2.0 Charms


You had 6 spell levels left.
You knew the following spells:

 Your Spells              Type           Power        Failure   Level  Hunger
a - Infusion              Chrm           #...         21%         1    ##.....


Dungeon Overview and Level Annotations

Branches:
Dungeon (3/15)

Altars:
Cheibriados
Ru


Innate Abilities, Weirdness & Mutations

You reflexively headbutt those who attack you in melee.
You have a pair of horns on your head.


Message History

You are too injured to fight recklessly!
You are too injured to fight recklessly!
You are too injured to fight recklessly!
You are too injured to fight recklessly!
You are too injured to fight recklessly!
You are too injured to fight recklessly!
You are too injured to fight recklessly!
You are too injured to fight recklessly!
You hit the iguana but do no damage.
The iguana is almost dead.
The iguana bites you.
* * * LOW HITPOINT WARNING * * *
You hit the iguana.
The iguana is almost dead.
The iguana bites you.
* * * LOW HITPOINT WARNING * * *
You hit the iguana but do no damage.
The iguana is almost dead.
The iguana bites you!
You die...

## #.# # #.# ... # #.#
.. ## ####.## .. .##
#.....### ##. ..##
#.......# .. ...##
#.....#.# .#
....###.....#.###.#.#...
....+........(†.@l......
....##.#..$######.#.#...
...###.##.## .# ..## #
## .# .## .# ## .) ##


You could see an iguana.

Vanquished Creatures
  2 orc wizards
  Jessica (D:2)
  Natasha (D:3)
  8 adders
  An ooze (D:2)
  An adder zombie (D:3)
  2 worms (D:2)
  3 dart slugs
  2 leopard geckos (D:1)
  5 orcs
  8 bats
  9 giant cockroaches
  9 goblins
  8 hobgoblins
  5 jackals
  4 frilled lizards
  5 kobolds
  8 rats
82 creatures vanquished.

Notes
Turn   | Place    | Note
-------+----------+-------------------------------------------
     0 | D:1      | Gorglomux the Minotaur Skald began the quest for the Orb.
     0 | D:1      | Reached XP level 1. HP: 18/18 MP: 1/1
   106 | D:1      | Reached XP level 2. HP: 18/25 MP: 3/3
   112 | D:1      | Reached skill level 3 in Fighting
   115 | D:1      | Reached skill level 3 in Axes
   508 | D:1      | Reached XP level 3. HP: 14/31 MP: 4/4
  1430 | D:2      | Reached XP level 4. HP: 28/40 MP: 5/5
  1642 | D:2      | Noticed Jessica
  1645 | D:2      | Killed Jessica
  1805 | D:2      | Reached XP level 5. HP: 41/47 MP: 6/6
  2124 | D:2      | Found a snail-covered altar of Cheibriados.
  2221 | D:3      | Noticed a phantom
  2397 | D:3      | Found a sacrificial altar of Ru.
  2670 | D:3      | Noticed Natasha
  2680 | D:3      | Killed Natasha
  2680 | D:3      | Reached XP level 6. HP: 49/56 MP: 7/7
  2741 | D:3      | Slain by an iguana

Skill      XL: |  1  2  3  4  5 |
---------------+----------------+-----
Fighting       | 3 4 5 |  5.3
Axes           | 3 4 5 |  5.9
Armour         | |  1.2
Dodging        | |  2.1
Spellcasting   | |  1.3
Charms         | |  2.0

Action                   |  1- 3 |  4- 6 || total
-------------------------+-------+-------++-------
Melee: Hand axe          |    95 |   143 ||   238
       Headbutt          |    14 |    22 ||    36
Throw: Tomahawk          |       |     2 ||     2
  Use: Scroll            |       |     7 ||     7
  Eat: Chunk             |     2 |     4 ||     6
Armor: Leather armour    |    20 |       ||    20
       Scale mail        |    10 |    52 ||    62
Dodge: Dodged            |    59 |    65 ||   124
